[ PARTIDA AOE2 · #481595555 ]
UnrankedFrancos vs Spanish
[ ANÁLISIS DE REPETICIÓN · EXTRAÍDO DE LA PARTIDA GRABADA ]
Feudal
—
Castillos
—
Imperial
—
| APM promedio | 16.3 |
| APM pico | 20 |
| eAPM promedio | 7.8 |
| Aldeanos / militares | 0 / 0 |
Foco
⚔️ 33.3% · 🌾 66.7%
Feudal
—
Castillos
—
Imperial
—
| APM promedio | 28.0 |
| APM pico | 27 |
| eAPM promedio | 4.7 |
| Aldeanos / militares | 0 / 0 |
Foco
⚔️ 0.0% · 🌾 100.0%
Feudal
—
Castillos
—
Imperial
—
| APM promedio | 46.6 |
| APM pico | 41 |
| eAPM promedio | 4.7 |
| Aldeanos / militares | 0 / 0 |
Foco
⚔️ 33.3% · 🌾 66.7%
Feudal
—
Castillos
—
Imperial
—
| APM promedio | 23.3 |
| APM pico | 30 |
| eAPM promedio | 7.0 |
| Aldeanos / militares | 0 / 0 |
Foco
⚔️ 25.0% · 🌾 75.0%
Feudal
—
Castillos
—
Imperial
—
| APM promedio | 21.0 |
| APM pico | 17 |
| eAPM promedio | 4.7 |
| Aldeanos / militares | 0 / 0 |
Foco
⚔️ 50.0% · 🌾 50.0%
Feudal
—
Castillos
—
Imperial
—
| APM promedio | 13.2 |
| APM pico | 17 |
| eAPM promedio | 2.3 |
| Aldeanos / militares | 0 / 0 |
Feudal
—
Castillos
—
Imperial
—
| APM promedio | 27.2 |
| APM pico | 31 |
| eAPM promedio | 8.5 |
| Aldeanos / militares | 0 / 0 |
Foco
⚔️ 0.0% · 🌾 100.0%
Feudal
—
Castillos
—
Imperial
—
| APM promedio | 21.7 |
| APM pico | 15 |
| eAPM promedio | 9.3 |
| Aldeanos / militares | 0 / 0 |
Foco
⚔️ 0.0% · 🌾 100.0%
Mapa de la partida
Recursos iniciales + cada clic de construcción. Líneas = muros · curvas = relieve. ◆ oro · ⬟ piedra · ● bayas · ✦ reliquia · ◌ hueco del cierre
Tu base
Base de skarrf
Base de SPADES_MSC
Base de PNLN | Maromba_aoe
Base de Jumpinghorse
Base de tathung
Base de 三千哈基终有恨
Base de K
Terreno inicial suavizado · ◌ = hueco del cierre detectado · pasá el cursor para detalles
Inputs por minuto
— FRKNCY - - skarrf
Build order — FRKNCY
3 acciones detectadas en el replay
| 0:07 | Construir | Town Center |
| 0:22 | Construir | Dock |
| 0:33 | Construir | House |
Build order — skarrf
1 acciones detectadas en el replay
| 0:18 | Construir | Town Center |
Build order — SPADES_MSC
3 acciones detectadas en el replay
| 0:14 | Construir | Town Center |
| 1:05 | Construir | Dock |
| 1:06 | Construir | House |
Build order — PNLN | Maromba_aoe
3 acciones detectadas en el replay
| 0:12 | Construir | Town Center |
| 0:33 | Construir | Dock |
| 0:38 | Construir | House |
Build order — Jumpinghorse
2 acciones detectadas en el replay
| 0:11 | Construir | Town Center |
| 0:41 | Construir | Dock |
Build order — tathung
0 acciones detectadas en el replay
Build order — 三千哈基终有恨
1 acciones detectadas en el replay
| 0:08 | Construir | Town Center |
Build order — K
2 acciones detectadas en el replay
| 0:22 | Construir | House |
| 0:30 | Construir | Town Center |
Cronología de la partida
| 0:22 | FRKNCY · first_building Dock |
| 0:33 | PNLN | Maromba_aoe · first_building Dock |
| 0:38 | tathung · resign |
| 0:41 | Jumpinghorse · first_building Dock |
| 1:05 | SPADES_MSC · first_building Dock |
[ ANÁLISIS IA · 1 CRÉDITO ]
¿Qué pasó realmente en esta partida?
Wolo.gg analiza cada decisión: build order, eco, micro, errores típicos por bracket. Análisis personalizado por WhatsApp o Discord en 30 segundos.
Guía civ
Francos
Perfil
Jugador #4335503